 Dungeon Crawl Stone Soup version 0.31-a0-329-g52107efa6a (webtiles) character file.

Game seed: 9237589072327039925

9891 AdnanSaban the Basher (level 11, -6/69 HPs)
             Began as a Gargoyle Fighter on July 19, 2023.
             Was an Elder of Okawaru.
             Shot with an arrow by a centaur warrior (21 damage)
             ... on level 11 of the Dungeon.
             The game lasted 00:20:14 (14322 turns).

AdnanSaban the Basher (Gargoyle Fighter)           Turns: 14322, Time: 00:20:15

Health: -6/69      AC: 30    Str: 23    XL:     11   Next: 53%
Magic:  11/11      EV:  7    Int: 10    God:    Okawaru [****..]
Gold:   669        SH: 11    Dex:  9    Spells: 10/10 levels left

rFire   . . .        s - +2 whip (freeze)
rCold   . . .        c - +0 buckler
rNeg    + + .        A - +0 plate armour
rPois   ∞            b - +1 hat "Obiblyb" {rElec rN+}
rElec   +            F - +0 cloak
rCorr   .            v - +0 pair of gloves
SInv    .            Q - +2 pair of boots
Will    .....        w - amulet of reflection Stlth
                     p - ring of fire
HPRegen 0.31/turn    K - ring of ice
MPRegen 0.12/turn

%: reflection
@: no status effects
A: sickness immunity, AC +8, negative energy resistance 1, electricity
resistance, torment resistance 1, petrification resistance
a: Renounce Religion, Heroism, Finesse


You were on level 11 of the Dungeon.
You worshipped Okawaru.
Okawaru was greatly pleased with you.
You visited 2 branches of the dungeon, and saw 12 of its levels.

You collected 669 gold pieces.

Inventory:

Hand Weapons
 s - a +2 whip of freezing (weapon)
Missiles
 y - 2 silver javelins
Armour
 b - the +1 hat "Obiblyb" (worn) {rElec rN+}
   (You found it on level 7 of the Dungeon)

   rElec:     It insulates you from electricity.
   rN:        It protects you from negative energy.
 c - a +0 buckler (worn)
 v - a +0 pair of gloves (worn)
 A - a +0 plate armour (worn)
 F - a +0 cloak (worn)
 Q - a +2 pair of boots (worn)
Jewellery
 j - a ring of wizardry
 o - a +6 ring of intelligence
 p - a ring of fire (left hand)
 r - an amulet of faith
 w - an amulet of reflection (around neck)
 K - a ring of ice (right hand)
Wands
 u - a wand of acid (7)
 x - a wand of charming (8)
 I - a wand of flame (8)
 P - a wand of iceblast (4)
Scrolls
 a - a scroll of poison {unknown}
 f - a scroll of silence {unknown}
 h - 3 scrolls of fog {unknown}
 i - 11 scrolls of identify {unknown}
 k - a scroll of brand weapon {unknown}
 l - 2 scrolls of fear {unknown}
 m - 7 scrolls of teleportation {unknown}
 n - 3 scrolls of vulnerability {unknown}
 B - a scroll of summoning {unknown}
 C - a scroll of blinking {unknown}
 E - 2 scrolls of noise {unknown}
 L - a scroll of acquirement {unknown}
 M - a scroll of enchant weapon {unknown}
 O - a scroll of revelation {unknown}
Potions
 d - 2 potions of might
 e - 5 potions of curing
 g - 2 potions of attraction {unknown}
 q - 2 potions of enlightenment {unknown}
 t - a potion of brilliance {unknown}
 z - 4 potions of mutation {unknown}
 D - a potion of heal wounds {unknown}
 G - a potion of lignification {unknown}
 H - 2 potions of resistance {unknown}
 J - a potion of haste {unknown}
 N - 3 potions of cancellation {unknown}


   Skills:
 + Level 8.9 Fighting
 + Level 11.0 Maces & Flails
 + Level 10.6 Armour
 + Level 9.3 Shields


You had 10 spell levels left.
You didn't know any spells.
Your spell library contained the following spells:

 Spells                   Type           Power      Damage    Failure   Level
 Magic Dart               Conj           0%         1d3       99%         1
 Wereblood                Tmut           0%         N/A       100%        2
 Mephitic Cloud           Conj/Pois/Air  0%         N/A       100%        3
 Petrify                  Tmut/Erth      0%         N/A       100%        4
 Irradiate                Conj/Tmut      0%         3d11      100%        5
 Death's Door             Necr           0%         N/A       100%        9
 Call Imp                 Summ           Unusable   N/A       N/A         2
 Sublimation of Blood     Necr           Unusable   N/A       N/A         2
 Animate Dead             Necr           Unusable   N/A       N/A         4
 Haunt                    Necr/Summ      Unusable   N/A       N/A         7

Dungeon Overview and Level Annotations

Branches:
Dungeon (11/15)            Temple (1/1) D:6            Lair (0/5) D:9
    Orc: D:9-12

Altars:
Ashenzari
Cheibriados
Dithmenos
Elyvilon
Fedhas
Gozag
Hepliaklqana
Kikubaaqudgha
Makhleb
Nemelex Xobeh
Okawaru
Qazlal
Ru
Sif Muna
Trog
Uskayaw
Vehumet
Wu Jian
Xom
Yredelemnul
Zin
The Shining One

Shops:
D:7 *   D:9 (


Innate Abilities, Weirdness & Mutations

You are immune to sickness and miasma.
Your stone body is resilient. (AC +8)
You are immune to poison.
You resist negative energy. (rN+)
You are resistant to electric shocks. (rElec)
You are resistant to unholy torment.
You are immune to petrification.


Message History

No target in view!
No target in view!
No target in view!
No target in view!
No target in view!
No target in view!
No target in view!
No target in view!
No target in view!
No target in view!
Things that are here:
3 javelins; a yak corpse; a yak corpse
Things that are here:
a yak corpse; a yak corpse You open the door.
A centaur warrior comes into view.
The centaur warrior shouts!
The centaur warrior wields a +0 orcbow.
The centaur warrior shoots an arrow.
You block the arrow with an invisible shield... and reflect it back!
The arrow hits the centaur warrior!!
There is an open door here.
Okay, then.
The centaur warrior shoots an arrow.
The arrow barely misses you.
The centaur warrior shoots an arrow.
The arrow hits you!
The centaur warrior shoots an arrow.
The arrow hits you!
The centaur warrior shoots an arrow.
The arrow hits you but does no damage.
The centaur warrior shoots an arrow.
You block the arrow with an invisible shield... and reflect it back!
The arrow hits the centaur warrior!
The centaur warrior shoots an arrow.
You block the arrow with an invisible shield... and reflect it back!
The arrow hits the centaur warrior!
The centaur warrior shoots an arrow.
The arrow hits you but does no damage.
The centaur warrior shoots an arrow.
The arrow hits you!!
* * * LOW HITPOINT WARNING * * *
The centaur warrior shoots an arrow.
You block the arrow with an invisible shield... and reflect it back!
The arrow hits the centaur warrior!
The centaur warrior shoots an arrow.
The arrow hits you!!
You die...

........##.#...........
........##.#...........
........##.#...........
........##.#...........
........##.#...........
........##.#...........
........##.#.......
...........#.......
...........@.#
############.# ...
..... ....... .......
...c... .......


You could see a centaur warrior.

Vanquished Creatures
  Joseph (D:8)
  4 kobold demonologists (D:9)
  A komodo dragon (D:9)
  A troll (D:10)
  A hornet (D:9)
  Grinder (D:3)
  A centaur simulacrum (D:11)
  A spriggan (D:7)
  A shadow (D:9)
  19 yaks
  A wraith (D:10)
  4 vampire mosquitoes (D:11)
  A steam dragon (D:7)
  A water moccasin (D:6)
  A sky beast (D:8)
  5 orc warriors
  2 centaurs
  A phantom (D:6)
  7 kobold brigands
  2 bullfrogs (D:8)
  3 wights (D:7)
  2 water moccasin zombies (D:5)
  4 killer bees (D:9)
  5 howler monkeys
  A bullfrog zombie (D:5)
  7 hounds
  3 jellies
  3 gnoll boudas
  6 orc priests
  A scorpion zombie (D:5)
  3 sleepcaps
  5 orc wizards
  6 iguanas
  Robin (D:2)
  11 adders
  34 gnolls
  A shadow imp (D:7)
  A white imp (D:5)
  2 ufetubi
  An adder zombie (D:5)
  2 worms
  5 dart slugs
  26 orcs
  6 ball pythons
  7 bats
  5 endoplasms
  3 giant cockroaches (D:4)
  18 goblins
  2 hobgoblins
  22 jackals
  2 quokkas
  5 frilled lizards
  15 kobolds
  4 rats
278 creatures vanquished.

Notes
Turn   | Place    | Note
-------+----------+-------------------------------------------
     0 | D:1      | AdnanSaban the Gargoyle Fighter began the quest for the
                  | Orb.
     0 | D:1      | Reached XP level 1. HP: 14/14 MP: 1/1
   162 | D:1      | Reached XP level 2. HP: 15/19 MP: 2/2
   763 | D:2      | Noticed Robin
   776 | D:2      | Reached XP level 3. HP: 24/24 MP: 3/3
   803 | D:2      | Killed Robin
   908 | D:2      | Reached skill level 3 in Maces & Flails
   966 | D:2      | Found a faded altar of an unknown god.
   987 | D:2      | Reached XP level 4. HP: 28/29 MP: 4/4
  1123 | D:2      | Found a sacrificial altar of Ru.
  1618 | D:3      | Reached XP level 5. HP: 14/33 MP: 5/5
  1833 | D:3      | Noticed Grinder
  1847 | D:3      | Paralysed by Grinder for 2 turns
  1974 | D:4      | Got the Precepts of Misery
  2000 | D:4      | Reached skill level 4 in Maces & Flails
  2339 | D:4      | Reached XP level 6. HP: 24/39 MP: 6/6
  2520 | D:3      | Found a hazy altar of Hepliaklqana.
  2898 | D:3      | Paralysed by Grinder for 5 turns
  2903 | D:3      | Killed Grinder
  2904 | D:3      | Reached skill level 5 in Maces & Flails
  2904 | D:3      | Reached skill level 5 in Armour
  2904 | D:3      | Reached XP level 7. HP: 37/44 MP: 7/7
  3489 | D:3      | Reached skill level 5 in Fighting
  3489 | D:3      | Reached skill level 6 in Maces & Flails
  3698 | D:3      | Reached XP level 8. HP: 24/49 MP: 8/8
  4644 | D:5      | Entered Level 5 of the Dungeon
  4692 | D:5      | Identified the +9 dagger "Giyntits" {freeze, rF+ rC+ Dex+4}
  5163 | D:5      | Found a basalt altar of Yredelemnul.
  5181 | D:5      | Reached skill level 5 in Shields
  5268 | D:5      | Reached skill level 7 in Maces & Flails
  5378 | D:5      | Found a bloodstained altar of Trog.
  6054 | D:6      | Found a staircase to the Ecumenical Temple.
  6077 | Temple   | Entered the Ecumenical Temple
  6608 | D:6      | Reached XP level 9. HP: 49/55 MP: 9/9
  6820 | D:7      | Found a snail-covered altar of Cheibriados.
  6820 | D:7      | Found a glowing silver altar of Zin.
  6820 | D:7      | Found an ornate altar of the Wu Jian Council.
  7204 | D:7      | Reached skill level 8 in Maces & Flails
  7317 | D:7      | Found a blossoming altar of Fedhas.
  8090 | D:7      | Identified the +1 hat "Obiblyb" {rElec rN+}
  8191 | D:7      | Found Xeoghie's Elemental Accessories.
  8378 | D:8      | Noticed Joseph
  8401 | D:8      | Killed Joseph
  8588 | D:8      | Found a white marble altar of Elyvilon.
  9058 | D:8      | Reached skill level 9 in Maces & Flails
  9395 | D:7      | Reached XP level 10. HP: 20/63 MP: 10/10
 10410 | D:9      | Found Tainyag's Antique Weapon Boutique.
 10414 | D:9      | Noticed a kobold demonologist
 10414 | D:9      | Noticed a kobold demonologist
 10414 | D:9      | Noticed a kobold demonologist
 10420 | D:9      | Noticed a sun demon
 10426 | D:9      | Noticed a soul eater
 10597 | D:9      | Found an iron altar of Okawaru.
 10624 | D:9      | Became a worshipper of Warmaster Okawaru
 10839 | D:9      | Killed a kobold demonologist
 10876 | D:9      | Noticed a soul eater
 10877 | D:9      | Killed a kobold demonologist
 10877 | D:9      | Reached * piety under Okawaru
 11020 | D:9      | Noticed a smoke demon
 11029 | D:9      | Killed a kobold demonologist
 11274 | D:9      | Reached ** piety under Okawaru
 11275 | D:9      | Reached skill level 10 in Maces & Flails
 11377 | D:9      | Found a staircase to the Lair.
 11646 | D:9      | Found a sparkling altar of Nemelex Xobeh.
 11647 | D:9      | Noticed a kobold demonologist
 11667 | D:9      | Noticed an orange demon
 11674 | D:9      | Killed a kobold demonologist
 12138 | D:10     | Entered Level 10 of the Dungeon
 12314 | D:10     | Reached XP level 11. HP: 66/68 MP: 11/11
 12327 | D:10     | Found a sacrificial altar of Ru.
 12520 | D:9      | Reached skill level 10 in Armour
 12580 | D:10     | Reached *** piety under Okawaru
 12952 | D:10     | Found an opulent altar of Gozag.
 13893 | D:11     | HP: 3/69 [vampire mosquito (1)]
 14194 | D:11     | Received a gift from Okawaru
 14227 | D:11     | Reached skill level 11 in Maces & Flails
 14256 | D:11     | Reached **** piety under Okawaru
 14315 | D:11     | Noticed a centaur warrior
 14322 | D:11     | Shot with an arrow by a centaur warrior

Illustrated notes

Levels and vault maps discovered:
D:1:      dpeg_arrival_radiant, layout_loops_ring, corner_web_ring,
          minmay_pentomino_q2
D:2:      layout_loops_ring, ebering_ecumenical_altar_sacrificial, basic_altar,
          minmay_misc_feat_chi, serial_bayou_pond_c, grunt_ministairs_1,
          uniq_robin
D:3:      lemuel_castle_with_subvaults [lemuel_castle_interior_carwin_2],
          layout_basic, amcnicky_altar_gilded, uniq_grinder
D:4:      layout_cave_pods, nicolae_concentric_dashed_squares_mild, minivault_14
D:5:      layout_loops_ring, trog_book, nicolae_yredelemnul_corpse_copse,
          ebering_dispersal_statue_hall, nicolae_zen_rock_garden,
          nicolae_figureground_pulse
D:6:      layout_loops_ring, minmay_temple_entry_glass
D:7:      layout_basic, kennysheep_little_box,
          chequers_temple_overflow_statue_of_worship, nicolae_elemental_shop,
          the_hattery
D:8:      layout_loops_cross, lemuel_tele_altar, uniq_joseph
D:9:      layout_basic, mainiacjoe_overflow_alcove_2,
          mainiacjoe_overflow_24_doors, david_lair_shrubbed, serial_shops, shop
D:10:     layout_gridville, mainiacjoe_overflow_small_starburst,
          mainiacjoe_overflow_chevrons
D:11:     layout_stronghold
Temple:   cyrus_temple_forest

Skill      XL: |  1  2  3  4  5  6  7  8  9 10 11 |
---------------+----------------------------------+-----
Maces & Flails | 3 4 5 6 7 9 10 11 | 11.0
Armour         | 4 5 7 8 9 10 | 10.6
Fighting       | 4 5 7 8 |  8.9
Shields        | 4 5 6 8 9 |  9.3

Action                     |  1- 3 |  4- 6 |  7- 9 | 10-12 || total
---------------------------+-------+-------+-------+-------++-------
  Melee: Flail             |   128 |   218 |   140 |       ||   486
         Whip              |       |       |   653 |   716 ||  1369
    Use: Potion            |       |       |       |     1 ||     1
 Armour: Scale mail        |    82 |   198 |   290 |       ||   570
         Plate armour      |       |       |    98 |   305 ||   403
  Dodge: Dodged            |    78 |   160 |   308 |   106 ||   652
  Block: Buckler           |    24 |    76 |   199 |   249 ||   548
         Reflection        |       |       |     1 |    11 ||    12

Table legend: (Time is in decaauts)
 A = Elapsed time spent in this place.
 B = Non-inter-level travel time spent in this place.
 C = Inter-level travel time spent in this place.
 D = Time resting spent in this place.
 E = Time spent auto-exploring this place.
 F = Levels seen in this place.
 G = Mean time per level.
                   A        B        C        D        E       F      G
               +--------+--------+--------+--------+--------+-----+--------+
         Total |  14057 |  13334 |    723 |   2169 |   8208 |  12 | 1171.4 |
       Dungeon |  14055 |  13332 |    723 |   2169 |   8208 |  11 | 1277.7 |
        Temple |      1 |      1 |      0 |      0 |      0 |   1 |    1.0 |
               +--------+--------+--------+--------+--------+-----+--------+

Top non-repeatable levels by time:
     D:7: 2189 daAuts
     D:9: 2005 daAuts
     D:3: 1837 daAuts
     D:5: 1332 daAuts
     D:8: 1167 daAuts
     D:2: 1151 daAuts
    D:10: 1045 daAuts
     D:6: 1026 daAuts
     D:4: 991 daAuts
     D:1: 769 daAuts
    D:11: 538 daAuts
  Temple: 1 daAuts
